 Dungeon Crawl Stone Soup version 0.28.0-43-g3370ac3207 (webtiles) character file.

Game seed: 18272233711982407332

166049 MacCMillion the Gnoll Aeon (level 17, -7/133 HPs)
             Began as a Gnoll Ice Elementalist on Mar 5, 2022.
             Was the Champion of Cheibriados.
             Killed from afar by a quicksilver dragon (44 damage)
             ... with a bolt of dispelling energy
             ... on level 4 of the Snake Pit on Mar 6, 2022.
             The game lasted 03:48:37 (50305 turns).

MacCMillion the Gnoll Aeon (GnIE)                  Turns: 50305, Time: 03:48:37

Health: -7/133     AC: 22    Str: 30    XL:     17   Next: 89%
Magic:  3/27       EV: 24    Int: 35    God:    Cheibriados [******]
Gold:   3009       SH: 18    Dex: 34    Spells: 0/41 levels left

rFire   . . .      SeeInvis .   L - +4 demon whip (elec)
rCold   + + .      Faith    .   z - +2 kite shield {AC+3}
rNeg    . . .      Spirit   .   Y - +0 ice dragon scales
rPois   +          Reflect  .   W - +2 hat of Taxzausm {Str+4}
rElec   .          Harm     .   l - scarf {+Inv}
rCorr   .          Rampage  .   G - +0 pair of gloves
Will    +....                   U - +1 pair of boots {Fly}
Stlth   +++++.....              T - amulet of magic regeneration
HPRegen 0.32/turn               h - ring "Waweigiu" {rPois rF+ Dex+4}
MPRegen 0.60/turn               f - ring of Peace {Wiz Dex+3 Slay+2}

@: flying, very slow
A: fangs 1, strong nose, distributed training, low MP 2
a: Renounce Religion, Evoke Invisibility, Bend Time, Temporal Distortion,
Slouch, Step From Time


You were on level 4 of the Snake Pit.
You worshipped Cheibriados.
Cheibriados was exalted by your worship.
You visited 6 branches of the dungeon, and saw 30 of its levels.
You visited the Abyss 1 time.
You also visited: Ice Cave.

You collected 3417 gold pieces.
You spent 408 gold pieces at shops.

Inventory:

Hand Weapons
 v - the +9 scimitar "Hydraslayer" {elec, Str+5}
   (You took it off an orc wizard on level 9 of the Dungeon)

   It occasionally discharges a powerful burst of electricity upon striking a
   foe.
   Str:       It affects your strength (+5).
 L - a +4 demon whip of electrocution (weapon)
 R - the +8 whip "Snakebite" {venom, curare, rPois}
   (You found it on level 1 of the Lair of Beasts)

   It poisons the flesh of those it strikes.
   It occasionally inflicts asphyxiating poison on those it strikes, dealing
   poison damage and causing slowness.
   rPois:     It protects you from poison.
 V - a +4 scimitar of flaming
Missiles
 s - 10 curare-tipped darts
 H - 4 javelins
 I - 27 poisoned darts
 O - 5 silver boomerangs
 S - a throwing net
Armour
 b - +0 swamp dragon scales
 k - a +1 tower shield of cold resistance
 l - a scarf of invisibility (worn)
 z - a +2 kite shield of protection (worn)
 G - a +0 pair of gloves (worn)
 U - a +1 pair of boots of flying (worn)
 W - the +2 hat of Taxzausm (worn) {Str+4}
   (You found it on level 10 of the Dungeon)

   Str:       It affects your strength (+4).
 Y - +0 ice dragon scales (worn)
Jewellery
 e - a +4 ring of protection
 f - the ring of Peace (right hand) {Wiz Dex+3 Slay+2}
   (You found it on level 6 of the Lair of Beasts)

   [ring of wizardry]

   It improves your spell success rate.
   Dex:       It affects your dexterity (+3).
   Slay:      It affects your accuracy & damage with ranged weapons and melee
   (+2).
 h - the ring "Waweigiu" (left hand) {rPois rF+ Dex+4}
   (You found it in an ice cave)

   [ring of protection from fire]

   Dex:       It affects your dexterity (+4).
   rF:        It protects you from fire.
   rPois:     It protects you from poison.
 o - a ring of willpower
 p - a ring of magical power
 t - a ring of see invisible
 x - a ring of ice
 M - the amulet of the Pariah {*Slow rN+ Regen+ Int+4}
   (You found it in an ice cave)

   [amulet of regeneration]

   Int:       It affects your intelligence (+4).
   rN:        It protects you from negative energy.
   Regen:     It increases your rate of health regeneration.
   *Slow:     It may slow you when you take damage.
 T - an amulet of magic regeneration (around neck)
Wands
 j - a wand of digging (9)
 y - a wand of flame (18)
 B - a wand of iceblast (11)
 D - a wand of mindburst (4)
 Z - a wand of paralysis (1)
Scrolls
 c - 3 scrolls of blinking
 i - a scroll of magic mapping
 m - 3 scrolls of teleportation
 n - 3 scrolls of noise
 q - a scroll of amnesia
 u - 3 scrolls of fear
 K - a scroll of fog
 N - a scroll of silence
Potions
 g - 11 potions of curing
 r - a potion of resistance
 w - 2 potions of lignification
 A - 3 potions of cancellation
 E - 3 potions of heal wounds
 F - 5 potions of brilliance
 J - 4 potions of ambrosia
 P - 2 potions of flight
 Q - a potion of berserk rage
 X - 3 potions of attraction
Miscellaneous
 a - a phial of floods
 d - a box of beasts (inert)
 C - a phantom mirror (inert)


   Skills:
 + Level 12.0 Fighting
 + Level 12.0 Short Blades
 + Level 12.0 Long Blades
 + Level 12.0 Axes
 + Level 12.0 Maces & Flails
 + Level 12.0 Polearms
 + Level 12.0 Staves
 + Level 12.0 Slings
 + Level 12.0 Bows
 + Level 12.0 Crossbows
 + Level 12.0 Throwing
 + Level 12.0 Armour
 + Level 12.8 Dodging
 + Level 12.7 Stealth
 + Level 12.0 Shields
 + Level 12.0 Unarmed Combat
 + Level 12.9 Spellcasting
 + Level 10.1 Conjurations
 + Level 10.1 Hexes
 + Level 10.1 Summonings
 + Level 10.1 Necromancy
 + Level 10.1 Translocations
 + Level 10.1 Transmutations
 + Level 10.1 Fire Magic
 + Level 12.3 Ice Magic
 + Level 10.1 Air Magic
 + Level 10.1 Earth Magic
 + Level 10.1 Poison Magic
 + Level 13.0 Invocations
 + Level 12.0 Evocations


You couldn't memorise any spells.
You knew the following spells:

 Your Spells              Type           Power      Damage    Failure   Level
a - Summon Cactus Giant   Summ           38%        N/A       8%          6
b - Frozen Ramparts       Ice            100%       1d12      1%          3
c - Ozocubu's Armour      Ice            83%        N/A       1%          3
d - Yara's Violent Unrav  Hex/Tmut       38%        3d15      1%          5
e - Passwall              Tmut/Erth      63%        N/A       1%          2
f - Call Canine Familiar  Summ           76%        N/A       1%          3
g - Simulacrum            Ice/Necr       39%        N/A       4%          6
h - Flame Wave            Conj/Fire      76%        2d14      1%          4
i - Summon Mana Viper     Hex/Summ       76%        N/A       1%          5
j - Passage of Golubria   Tloc           76%        N/A       1%          4

Your spell library contained the following spells:

 Spells                   Type           Power      Damage    Failure   Level
 Animate Skeleton         Necr           100%       N/A       1%          1
 Foxfire                  Conj/Fire      100%       2x1d9     1%          1
 Freeze                   Ice            100%       1d11      1%          1
 Magic Dart               Conj           100%       1d8       1%          1
 Pain                     Necr           100%       1d9       1%          1
 Shock                    Conj/Air       100%       1d9       1%          1
 Summon Small Mammal      Summ           100%       N/A       1%          1
 Corpse Rot               Necr/Air       100%       N/A       1%          2
 Ensorcelled Hibernation  Hex/Ice        100%       N/A       1%          2
 Scorch                   Fire           100%       2d10      1%          2
 Searing Ray              Conj           100%       2d8       1%          2
 Static Discharge         Conj/Air       76%        N/A       1%          2
 Dazzling Flash           Conj/Hex       100%       N/A       1%          3
 Summon Guardian Golem    Hex/Summ       76%        N/A       1%          3
 Swiftness                Air            76%        N/A       1%          3
 Tukima's Dance           Hex            76%        N/A       1%          3
 Vampiric Draining        Necr           76%        2d11      1%          3
 Airstrike                Air            38%        N/A       1%          4
 Anguish                  Hex/Necr       38%        N/A       1%          4
 Dispel Undead            Necr           76%        3d25      1%          4
 Fulminant Prism          Conj/Hex       38%        3d18      1%          4
 Hailstorm                Conj/Ice       79%        3d16      1%          4
 Ice Form                 Ice/Tmut       79%        N/A       1%          4
 Iskenderun's Mystic Bla  Conj/Tloc      76%        2d15      1%          4
 Summon Ice Beast         Ice/Summ       79%        N/A       1%          4
 Lightning Bolt           Conj/Air       38%        1d56      1%          5
 Metabolic Englaciation   Hex/Ice        39%        N/A       1%          5
 Death Channel            Necr           38%        N/A       8%          6
 Iron Shot                Conj/Erth      38%        9d8       8%          6
 Starburst                Conj/Fire      38%        6d11      8%          6
 Enfeeble                 Hex            38%        N/A       36%         7
 Malign Gateway           Summ/Tloc      38%        N/A       36%         7
 Monstrous Menagerie      Summ           38%        N/A       36%         7
 Maxwell's Capacitive Co  Air            38%        ∞         95%         8


Dungeon Overview and Level Annotations

Branches:
Dungeon (15/15)            Temple (1/1) D:4            Lair (6/6) D:9
  Swamp (2/4) Lair:2        Snake (4/4) Lair:2        Slime (0/5) Lair:6
    Orc (2/2) D:11            Elf (0/3) Orc:2        Vaults (0/5) D:14
 Depths (0/4) D:15          IceCv (visited)

Altars:
Ashenzari
Cheibriados
Dithmenos
Elyvilon
Fedhas
Gozag
Hepliaklqana
Kikubaaqudgha
Makhleb
Nemelex Xobeh
Okawaru
Qazlal
Ru
Sif Muna
Trog
Uskayaw
Vehumet
Wu Jian
Xom
Yredelemnul
Zin
The Shining One
Jiyva

Shops:
Orc:2 *([:[:

Annotations:
D:9 exclusions: obsidian statue and two-headed ogre
D:15 1 runed translucent door, Elsvaer's ghost, journeyman DECj
Swamp:2 Jorgrun
Snake:4 Louise; Mara


Innate Abilities, Weirdness & Mutations

You have very sharp teeth.
Your uncanny sense of smell can sniff out nearby items.
Your experience applies equally to all skills.
Your magical capacity is very low. (-20% MP)


Message History

You kill the mana viper!
The mana viper disappears in a puff of smoke!
The mana viper misses you.
The naga warrior hits you with a +0 mace!
You block the naga warrior's attack.
Mara hits you with a +0 demon whip of flaming!
Mara burns you.
* * * LOW HITPOINT WARNING * * *
Casting: Summon Cactus Giant (dangerous; 8% risk of failure)
Confirm with . or Enter, or press ? or * to list all spells.
Casting: Frozen Ramparts (safe; 1% risk of failure)
Press: ? - help, Dir - look around, f - activate The walls around you are covered in ice.
MacCMillion's illusion completely resists.
The wall freezes MacCMillion's illusion but does no damage.
You block MacCMillion's illusion's attack.
The mana viper misses you.
Mara is struck by your cactus giant's spines.
Mara hits your cactus giant with a +0 demon whip of flaming!!
Mara burns your cactus giant.
The wall freezes the mana viper!
The mana viper seems to slow down.
The mana viper barely misses you.
The wall freezes the naga warrior!
The naga warrior hits you but does no damage.
You block the naga warrior's attack. Mara barely misses you.
Unknown command.
Casting: Frozen Ramparts (safe; 1% risk of failure)
Confirm with . or Enter, or press ? or * to list all spells.
A film of ice covers your body!
Your surroundings suddenly seem different.
Your icy armour cracks and falls away as you move.
The frozen ramparts melt away as you move. 2 quicksilver dragons and Louise come into view.
Louise is wielding a +1 morningstar of protection and wearing a +4 chain mail of positive energy.
Found a serpentine rune of Zot.
The quicksilver dragon roars deafeningly! x2
You hear an angry hiss.
You hear a shout!
You hear an angry hiss. x2
You hear a shout!
The quicksilver dragon breathes dispelling energy at you.
The bolt of dispelling energy hits you!!!
You die...

*,,**,8,**,,,,
*,,*,,,,,*,,*,
**,**8,⌠,,+,***
*,,**,,,,,*,,**
*,,,**,,,**,,*,
**,,,**+**,,,,,
**##,**,,,,,,**,
###..##+,,,,,,****
**#@...@#,,*********
*#8...#..8.#*,,***,,*
#D...##*,..#,,,,*,,,,
#φ.###*,,,,+,8,,+,8,,
#D.,,***,,,*,,,,*,,,,
##8,,,*,,8,**,,***,,*
#**,,,,,*,,*********
***,,**+,,,,,,****
****,**,,,,,,**,


You could see Louise (wandering) and 2 quicksilver dragons.

Vanquished Creatures
  A golden dragon (IceCv)
  A tentacled starspawn (D:10)
  Gastronok (Lair:3)
  A nagaraja (Snake:2)
  The ghost of Iidacon the Impaler, a journeyman DrBe of Trog (Orc:2)
  An eleionoma (Lair:2)
  Nessos (D:15)
  2 bunyips
  11 hydras
  3 ice dragons (IceCv)
  5 boulder beetles
  9 naga warriors
  A ghost crab (Swamp:1)
  A salamander tyrant (Snake:2)
  8 centaur warriors
  6 anacondas
  An alligator (Lair:2)
  A catoblepas (Lair:6)
  A two-headed ogre (D:9)
  8 death yaks
  An orc high priest (Orc:2)
  A deep troll shaman (Lair:6)
  3 shock serpents
  A thrashing horror (Abyss:1)
  9 naga sharpshooters
  Nergalle (Lair:4)
  Sonja (D:10)
  2 wretched stars (Abyss:1)
  A shadow wraith (Abyss:1)
  A spatial maelstrom (Abyss:1)
  2 large abominations (Abyss:1)
  A sixfirhy (Abyss:1)
  3 naga ritualists
  A lindwurm (D:10)
  2 deep elf pyromancers
  A necromancer (D:14)
  6 mana vipers
  2 ugly things
  A manticore (D:14)
  6 salamanders
  3 worldbinders (Abyss:1)
  3 orc sorcerers
  25 elephants
  2 naga magi
  4 guardian serpents
  22 black mambas
  A smoke demon (Abyss:1)
  14 cane toads
  2 storm dragon simulacra (IceCv)
  An efreet (D:14)
  An unseen horror (D:11)
  A demonic crawler (D:11)
  8 komodo dragons
  A kobold demonologist (D:9)
  2 rime drakes
  An ancient zyme (Abyss:1)
  2 golden dragon simulacra (IceCv)
  2 tyrant leeches (Lair:2)
  2 polar bears
  5 trolls
  2 hornets
  21 blink frogs
  2 nameless horrors
  Prince Ribbit (D:6)
  A raiju (Abyss:1)
  4 slime creatures (D:14)
  52 yaks
  A water elemental (Abyss:1)
  A shadow (D:9)
  A ynoxinul (Abyss:1)
  2 wraiths
  7 wyverns
  A chaos spawn (Abyss:1)
  4 humans (D:14)
  2 basilisks
  3 redbacks (D:10)
  Menkaure (D:6)
  2 vampire mosquitoes
  6 small abominations (Abyss:1)
  4 acid dragons
  8 nagas
  2 swamp worms (D:11)
  2 wargs (Orc:1)
  29 water moccasins
  12 orc warriors
  An ice beast (D:5)
  2 sky beasts
  A black bear (shapeshifter) (D:9)
  4 black bears
  An ice dragon simulacrum (IceCv)
  17 wolves
  7 ogres
  13 centaurs
  Blork the orc (D:6)
  4 kobold brigands
  17 bullfrogs
  5 gnoll sergeants
  An earth elemental (Abyss:1)
  2 scorpions
  A water moccasin zombie (D:6)
  A wyvern skeleton (D:5)
  A killer bee (D:9)
  6 wights
  5 howler monkeys
  An electric eel (D:6)
  2 lava snakes (D:10)
  2 centaur zombies
  A bullfrog zombie (D:6)
  A jelly (D:7)
  2 hounds
  10 orc priests
  2 centaur skeletons
  2 bullfrog skeletons (D:5)
  5 iguanas
  12 orc wizards
  A hound skeleton (D:4)
  Robin (D:2)
  7 gnolls
  2 howler monkey skeletons
  2 howler monkey zombies (D:9)
  4 adders
  2 white imps
  An ufetubus (Abyss:1)
  2 worms (D:3)
  A dart slug (D:3)
  30 orcs
  6 ball pythons
  7 endoplasms
  2 giant cockroaches
  10 hobgoblins
  4 kobolds
  2 quokkas
  3 bats
  A frilled lizard (D:3)
  9 goblins
  7 rats
  A lurking horror (Abyss:1)
  A starspawn tentacle (Abyss:1)
619 creatures vanquished.

Vanquished Creatures (collateral kills)
  A nagaraja (Snake:4)
  A stone giant (D:15)
  An eleionoma (Swamp:1)
  A white draconian (Abyss:1)
  Fannar (Orc:1)
  A vault guard (D:14)
  5 naga warriors
  2 ice dragons (IceCv)
  A hydra (D:11)
  Erolcha (D:12)
  Erica (Orc:1)
  A ghost crab (Swamp:1)
  2 alligators (Lair:2)
  2 anacondas
  A two-headed ogre (D:10)
  A centaur warrior (D:15)
  A death yak (D:12)
  2 shock serpents
  A tengu warrior (D:15)
  4 naga sharpshooters
  A goliath frog (Swamp:1)
  A salamander mystic (Snake:3)
  A naga ritualist (Snake:2)
  A swamp dragon (Swamp:1)
  2 wizards
  An orange crystal statue (IceCv)
  A necromancer (D:14)
  4 ugly things
  A mana viper (Snake:3)
  2 cyclopes
  4 orc sorcerers (Orc:2)
  A manticore (D:12)
  2 guardian serpents
  Joseph (D:8)
  9 salamanders
  12 black mambas
  A black mamba (shapeshifter) (D:13)
  8 naga magi
  2 gargoyles (D:13)
  A storm dragon simulacrum (IceCv)
  A golden dragon simulacrum (IceCv)
  A queen bee (shapeshifter) (D:14)
  3 nameless horrors
  3 tyrant leeches
  A troll (Orc:1)
  5 slime creatures (D:14)
  A large abomination (Abyss:1)
  A water elemental (D:12)
  Sigmund (D:2)
  8 yaks (D:12)
  14 humans (D:14)
  Eustachio (D:6)
  A basilisk (D:12)
  A vampire mosquito (D:13)
  A warg (Orc:1)
  A chaos spawn (Abyss:1)
  21 nagas
  3 swamp worms (Swamp:1)
  7 orc warriors
  A swamp drake (Swamp:1)
  9 ice dragon simulacra (IceCv)
  2 ogres
  4 centaurs (D:12)
  2 wights (D:6)
  5 lindwurm simulacra (IceCv)
  An electric eel (D:6)
  A howler monkey (D:10)
  9 orc priests (Orc:2)
  An iguana (D:15)
  16 orc wizards
  15 orcs
228 creatures vanquished.

Vanquished Creatures (others)
  A bloated husk (Swamp:1)
  A human (D:14)
  An orc priest (Orc:1)
  An orc wizard (Orc:2)
  10 bushes
  8 foxfires (Swamp:1)
  38 fungi
  73 plants
  16 starspawn tentacles
149 creatures vanquished.

Grand Total: 996 creatures vanquished

Notes
Turn   | Place    | Note
-------+----------+-------------------------------------------
     0 | D:1      | MacCMillion the Gnoll Ice Elementalist began the quest for
                  | the Orb.
     0 | D:1      | Reached XP level 1. HP: 13/13 MP: 6/6
   246 | D:1      | Reached XP level 2. HP: 19/19 MP: 5/7
   804 | D:2      | Noticed Sigmund
   870 | D:2      | Reached skill level 5 in Spellcasting
   870 | D:2      | Reached XP level 3. HP: 18/25 MP: 2/9
   874 | D:2      | Learned a level 3 spell: Frozen Ramparts
   878 | D:2      | Learned a level 3 spell: Ozocubu's Armour
  1478 | D:2      | Noticed Robin
  1491 | D:2      | Killed Robin
  1492 | D:2      | Reached skill level 1 in Invocations
  1676 | D:2      | Reached skill level 1 in Fighting
  1676 | D:2      | Reached skill level 1 in Short Blades
  1676 | D:2      | Reached skill level 1 in Long Blades
  1676 | D:2      | Reached skill level 1 in Axes
  1676 | D:2      | Reached skill level 1 in Maces & Flails
  1676 | D:2      | Reached skill level 1 in Polearms
  1676 | D:2      | Reached skill level 1 in Staves
  1676 | D:2      | Reached skill level 1 in Slings
  1676 | D:2      | Reached skill level 1 in Bows
  1676 | D:2      | Reached skill level 1 in Crossbows
  1676 | D:2      | Reached skill level 1 in Throwing
  1676 | D:2      | Reached skill level 1 in Armour
  1676 | D:2      | Reached skill level 1 in Shields
  1676 | D:2      | Reached skill level 1 in Unarmed Combat
  1676 | D:2      | Reached skill level 1 in Evocations
  2309 | D:3      | Reached XP level 4. HP: 32/32 MP: 4/11
  2368 | D:3      | Learned a level 4 spell: Hailstorm
  2701 | D:3      | Found a broken altar of Ashenzari.
  2705 | D:3      | Saw a vision of the Swamp and the Snake Pit.
  2705 | D:3      | Noticed a naga
  2705 | D:3      | Noticed a naga mage
  2705 | D:3      | Noticed a naga warrior
  2705 | D:3      | Noticed a naga
  2705 | D:3      | Noticed a naga
  2705 | D:3      | Noticed a black mamba
  2705 | D:3      | Noticed a salamander
  2705 | D:3      | Noticed a goliath frog
  2705 | D:3      | Noticed a will-o-the-wisp
  2705 | D:3      | Noticed a swamp drake
  2706 | D:3      | Noticed a shock serpent
  2813 | D:3      | Found a faded altar of an unknown god.
  3066 | D:4      | Reached skill level 1 in Conjurations
  3066 | D:4      | Reached skill level 1 in Hexes
  3066 | D:4      | Reached skill level 1 in Summonings
  3066 | D:4      | Reached skill level 1 in Necromancy
  3066 | D:4      | Reached skill level 1 in Translocations
  3066 | D:4      | Reached skill level 1 in Transmutations
  3066 | D:4      | Reached skill level 1 in Fire Magic
  3066 | D:4      | Reached skill level 1 in Air Magic
  3066 | D:4      | Reached skill level 1 in Earth Magic
  3066 | D:4      | Reached skill level 1 in Poison Magic
  3157 | D:4      | Reached XP level 5. HP: 36/37 MP: 10/12
  3469 | D:4      | Found an opulent altar of Gozag.
  3654 | D:4      | Found a staircase to the Ecumenical Temple.
  3663 | Temple   | Entered the Ecumenical Temple
  3981 | Temple   | Became a worshipper of Cheibriados the Contemplative
  4047 | D:5      | Entered Level 5 of the Dungeon
  4217 | D:5      | Reached XP level 6. HP: 44/44 MP: 8/13
  4304 | D:5      | Reached skill level 2 in Invocations
  4317 | D:5      | Noticed an ice beast
  4334 | D:5      | Found an ancient bone altar of Kikubaaqudgha.
  4363 | D:5      | Killed an ice beast
  4364 | D:5      | Reached skill level 5 in Dodging
  5737 | D:5      | Reached XP level 7. HP: 29/50 MP: 12/15
  6274 | D:6      | Reached skill level 5 in Stealth
  6274 | D:6      | Reached skill level 3 in Invocations
  6675 | D:6      | Reached XP level 8. HP: 57/57 MP: 9/16
  6734 | D:6      | Noticed Prince Ribbit
  6753 | D:6      | Killed Prince Ribbit
  6753 | D:6      | Reached * piety under Cheibriados
  7041 | D:6      | Noticed Blork the orc
  7055 | D:6      | Killed Blork the orc
  7239 | D:6      | Reached skill level 4 in Invocations
  7860 | D:6      | Noticed Menkaure
  7865 | D:6      | Killed Menkaure
  7866 | D:6      | Reached XP level 9. HP: 62/65 MP: 11/18
  8117 | D:6      | Noticed Eustachio
  8388 | D:7      | Found a radiant altar of Vehumet.
  9371 | D:8      | Noticed a hornet
  9395 | D:8      | Paralysed by a hornet for 2 turns
  9398 | D:8      | Killed a hornet
  9695 | D:8      | Reached skill level 5 in Invocations
  9705 | D:8      | Reached ** piety under Cheibriados
  9952 | D:8      | Reached XP level 10. HP: 73/73 MP: 13/20
 10026 | D:8      | Noticed Joseph
 10287 | D:9      | Found a staircase to the Lair.
 10288 | D:9      | Noticed an elephant
 10310 | D:9      | Gained mutation: Your magical capacity is low. (-10% MP)
                  | [potion of mutation]
 10310 | D:9      | Gained mutation: Your magical capacity is very low. (-20%
                  | MP) [potion of mutation]
 10310 | D:9      | Gained mutation: You tend to lose your temper in combat.
                  | [potion of mutation]
 10310 | D:9      | Gained mutation: You have sharp fingernails. [potion of
                  | mutation]
 10954 | D:9      | Reached skill level 5 in Fighting
 10954 | D:9      | Reached skill level 5 in Short Blades
 10954 | D:9      | Reached skill level 5 in Long Blades
 10954 | D:9      | Reached skill level 5 in Axes
 10954 | D:9      | Reached skill level 5 in Maces & Flails
 10954 | D:9      | Reached skill level 5 in Polearms
 10954 | D:9      | Reached skill level 5 in Staves
 10954 | D:9      | Reached skill level 5 in Slings
 10954 | D:9      | Reached skill level 5 in Bows
 10954 | D:9      | Reached skill level 5 in Crossbows
 10954 | D:9      | Reached skill level 5 in Throwing
 10954 | D:9      | Reached skill level 5 in Armour
 10954 | D:9      | Reached skill level 5 in Shields
 10954 | D:9      | Reached skill level 5 in Unarmed Combat
 10954 | D:9      | Reached skill level 5 in Evocations
 10968 | D:9      | Killed an elephant
 11223 | D:9      | Noticed a two-headed ogre
 11237 | D:9      | Killed a two-headed ogre
 11647 | D:9      | Noticed a two-headed ogre
 11764 | D:9      | Identified the +9 scimitar "Hydraslayer" {elec, Str+5}
 11955 | D:9      | Reached skill level 6 in Invocations
 12239 | D:9      | Noticed an obsidian statue
 12369 | D:9      | Found a runed translucent door.
 12369 | D:9      | Found a runed translucent door.
 12369 | D:9      | Noticed a centaur warrior
 12769 | Lair:1   | Entered Level 1 of the Lair of Beasts
 12769 | Lair:1   | Noticed a cane toad
 12777 | Lair:1   | Killed a cane toad
 12780 | Lair:1   | Reached XP level 11. HP: 20/81 MP: 4/18
 13065 | Lair:1   | Reached skill level 5 in Conjurations
 13065 | Lair:1   | Reached skill level 5 in Hexes
 13065 | Lair:1   | Reached skill level 5 in Summonings
 13065 | Lair:1   | Reached skill level 5 in Necromancy
 13065 | Lair:1   | Reached skill level 5 in Translocations
 13065 | Lair:1   | Reached skill level 5 in Transmutations
 13065 | Lair:1   | Reached skill level 5 in Fire Magic
 13065 | Lair:1   | Reached skill level 5 in Air Magic
 13065 | Lair:1   | Reached skill level 5 in Earth Magic
 13065 | Lair:1   | Reached skill level 5 in Poison Magic
 13069 | Lair:1   | Reached *** piety under Cheibriados
 13198 | Lair:1   | Noticed an eight-headed hydra
 13222 | Lair:1   | Killed an eight-headed hydra
 13703 | Lair:1   | Found the +8 whip "Snakebite" {venom, curare, rPois}
 13856 | Lair:1   | Reached skill level 7 in Invocations
 13883 | Lair:1   | Noticed a five-headed hydra
 13889 | Lair:1   | Killed a five-headed hydra
 14083 | Lair:1   | Noticed a seven-headed hydra
 14090 | Lair:1   | Killed a seven-headed hydra
 14725 | Lair:2   | Noticed an eight-headed hydra
 14733 | Lair:2   | Killed an eight-headed hydra
 14827 | Lair:2   | Reached XP level 12. HP: 87/89 MP: 13/19
 14893 | Lair:2   | Found a staircase to the Swamp.
 14947 | Lair:2   | Found a staircase to the Snake Pit.
 14952 | Lair:2   | Reached **** piety under Cheibriados
 15644 | Lair:2   | Reached skill level 8 in Invocations
 15659 | Lair:2   | Noticed a seven-headed hydra
 15669 | Lair:2   | Killed a seven-headed hydra
 16601 | Lair:3   | Reached ***** piety under Cheibriados
 16798 | Lair:3   | Learned a level 2 spell: Passwall
 16868 | Lair:3   | Reached XP level 13. HP: 98/98 MP: 18/21
 16946 | Lair:3   | Noticed Gastronok
 16962 | Lair:3   | Killed Gastronok
 17657 | Lair:4   | Noticed Nergalle
 17695 | Lair:4   | Killed Nergalle
 17928 | Lair:4   | Reached skill level 9 in Invocations
 18084 | Lair:4   | Reached skill level 10 in Ice Magic
 20282 | Lair:5   | Reached skill level 10 in Spellcasting
 20372 | Lair:5   | You fall into a shaft and drop 1 floor!
 20372 | Lair:6   | Entered Level 6 of the Lair of Beasts
 20800 | Lair:6   | Learned a level 3 spell: Call Canine Familiar
 20834 | Lair:6   | Reached skill level 10 in Dodging
 20834 | Lair:6   | Reached XP level 14. HP: 97/106 MP: 1/22
 21160 | Lair:6   | Found a viscous altar of Jiyva.
 21160 | Lair:6   | Found a staircase to the Slime Pits.
 21186 | Lair:6   | Reached ****** piety under Cheibriados
 21786 | Lair:6   | Identified the +5 ring mail of Qabbink {-Cast rPois rN+
                  | Slay+4}
 21902 | Lair:6   | Reached skill level 10 in Stealth
 22062 | Lair:6   | Identified a scroll of acquirement
 22478 | Lair:6   | Reached skill level 10 in Invocations
 22930 | Lair:6   | Identified the ring of Peace {Wiz Dex+3 Slay+2}
 22933 | Lair:6   | Got the Handbook of the Warped Rocks
 23651 | D:9      | Identified the +2 leather armour of Hairiness {rPois}
 23652 | D:9      | Got the Disquisition on Fiery Feathers
 23952 | D:10     | Entered Level 10 of the Dungeon
 24004 | D:10     | Noticed Sonja
 24009 | D:10     | Cast into level 1 of the Abyss (Sonja)
 24016 | Abyss:1  | Found a corrupted altar of Lugonu.
 24066 | Abyss:1  | Noticed a tentacled starspawn
 24088 | Abyss:1  | Noticed a bone dragon
 24186 | Abyss:1  | Noticed a starcursed mass
 24978 | Abyss:1  | Noticed a Hell Sentinel
 25090 | Abyss:1  | Noticed a white draconian
 25098 | Abyss:1  | Killed a white draconian
 25387 | Abyss:1  | Noticed a starcursed mass
 26101 | Abyss:1  | Noticed a green draconian
 26135 | Abyss:1  | Noticed a tentacled starspawn
 26140 | Abyss:1  | Found a blossoming altar of Fedhas.
 26209 | D:10     | Escaped the Abyss
 26487 | D:10     | Identified the +6 hunting sling "Paywaac" {freeze, SInv}
 26682 | D:10     | Learned a level 6 spell: Simulacrum
 26793 | D:10     | Killed Sonja
 27695 | D:10     | Killed a tentacled starspawn
 27848 | D:10     | Found a runed translucent door.
 28091 | D:10     | Found a runed translucent gate.
 28111 | D:10     | Identified the +2 hat of Taxzausm {Str+4}
 28124 | D:10     | Found a runed translucent gate.
 28125 | D:10     | Found a runed translucent gate.
 28125 | D:10     | Found a runed translucent gate.
 28125 | D:10     | Found a runed translucent gate.
 28126 | D:10     | Found a runed translucent gate.
 28277 | D:10     | Reached XP level 15. HP: 50/115 MP: 12/23
 28885 | D:11     | Found a staircase to the Orcish Mines.
 28961 | D:11     | Learned a level 4 spell: Flame Wave
 29068 | D:9      | Lost mutation: You have sharp fingernails. [potion of
                  | mutation]
 29068 | D:9      | Lost mutation: You tend to lose your temper in combat.
                  | [potion of mutation]
 29506 | D:11     | Acquired a book of Beasts
 29514 | D:11     | Learned a level 5 spell: Summon Mana Viper
 29549 | D:11     | Learned a level 4 spell: Passage of Golubria
 29964 | Orc:1    | Entered Level 1 of the Orcish Mines
 30002 | Orc:1    | Noticed Fannar
 30471 | Orc:1    | Killed Fannar
 30598 | Orc:1    | Paralysed by an orc sorcerer for 3 turns
 30693 | Orc:1    | Noticed Erica
 30763 | Orc:1    | Killed Erica
 30817 | Orc:2    | Entered Level 2 of the Orcish Mines
 31400 | Orc:2    | Found Emnisir's Antique Weapon Emporium.
 31759 | Orc:2    | Found a staircase to the Elven Halls.
 31807 | Orc:2    | Found Ilimar's Assorted Antiques.
 31826 | Orc:2    | Reached skill level 10 in Fighting
 31826 | Orc:2    | Reached skill level 10 in Short Blades
 31826 | Orc:2    | Reached skill level 10 in Long Blades
 31826 | Orc:2    | Reached skill level 10 in Axes
 31826 | Orc:2    | Reached skill level 10 in Maces & Flails
 31826 | Orc:2    | Reached skill level 10 in Polearms
 31826 | Orc:2    | Reached skill level 10 in Staves
 31826 | Orc:2    | Reached skill level 10 in Slings
 31826 | Orc:2    | Reached skill level 10 in Bows
 31826 | Orc:2    | Reached skill level 10 in Crossbows
 31826 | Orc:2    | Reached skill level 10 in Throwing
 31826 | Orc:2    | Reached skill level 10 in Armour
 31826 | Orc:2    | Reached skill level 10 in Shields
 31826 | Orc:2    | Reached skill level 10 in Unarmed Combat
 31826 | Orc:2    | Reached skill level 10 in Evocations
 31953 | Orc:2    | Found a runed translucent gate.
 31953 | Orc:2    | Found a runed translucent gate.
 31953 | Orc:2    | Found a runed translucent gate.
 32232 | Orc:2    | Noticed Iidacon's ghost (journeyman DrBe)
 33038 | Orc:2    | Found Hemocuucs's Armour Shoppe.
 33038 | Orc:2    | Found Zysaxt's Book Shoppe.
 33041 | Orc:2    | Found Nyhiyp's Book Emporium.
 33043 | Orc:2    | Found Ushych's Antique Armour Emporium.
 33048 | Orc:2    | Bought a pair of distressingly furry boots for 228 gold
                  | pieces
 33048 | Orc:2    | Identified the +0 pair of boots "Mucsiz" {+Inv rC+ rCorr
                  | Str+2} (You bought it in a shop on level 2 of the Orcish
                  | Mines)
 33048 | Orc:2    | Bought a runed cloak for 180 gold pieces
 33423 | Orc:2    | Killed Iidacon's ghost
 33424 | Orc:2    | Reached skill level 11 in Invocations
 34010 | D:12     | Noticed Erolcha
 34026 | D:12     | Learned a level 6 spell: Summon Cactus Giant
 34150 | D:12     | Killed Erolcha
 35367 | D:13     | Identified the +7 hand axe "Lenkoele" {drain, rPois Will+
                  | Dex-3 SInv}
 36819 | D:14     | Found a glowing golden altar of the Shining One.
 37310 | D:14     | Found a gate to the Vaults.
 37387 | D:15     | Entered Level 15 of the Dungeon
 37405 | D:15     | Reached XP level 16. HP: 123/123 MP: 16/25
 37427 | D:15     | Found a runed translucent door.
 37432 | D:15     | Noticed Elsvaer's ghost (journeyman DECj)
 38066 | D:15     | Found a staircase to the Depths.
 38272 | D:15     | Noticed Nessos
 38283 | D:15     | Killed Nessos
 38435 | D:15     | Found a bloodstained altar of Trog.
 39055 | D:15     | Identified the +5 spear of Gudghepi {pain, rPois}
 39261 | Snake:1  | Entered Level 1 of the Snake Pit
 39959 | Swamp:1  | Entered Level 1 of the Swamp
 40485 | Swamp:2  | Noticed Jorgrun
 41438 | Lair:2   | Found a staircase to the Swamp.
 41563 | Lair:2   | Found a staircase to the Snake Pit.
 42460 | D:6      | Killed Eustachio
 42751 | D:8      | Killed Joseph
 43018 | D:2      | Killed Sigmund
 43848 | Snake:1  | Reached skill level 12 in Invocations
 45034 | Snake:2  | Noticed a nagaraja
 45096 | Snake:2  | Killed a nagaraja
 45879 | Snake:2  | Reached XP level 17. HP: 114/131 MP: 24/26
 48208 | Snake:4  | Entered Level 4 of the Snake Pit
 48302 | Snake:4  | Learned a level 5 spell: Yara's Violent Unravelling
 48533 | Snake:4  | Reached skill level 10 in Conjurations
 48533 | Snake:4  | Reached skill level 10 in Hexes
 48533 | Snake:4  | Reached skill level 10 in Summonings
 48533 | Snake:4  | Reached skill level 10 in Necromancy
 48533 | Snake:4  | Reached skill level 10 in Translocations
 48533 | Snake:4  | Reached skill level 10 in Transmutations
 48533 | Snake:4  | Reached skill level 10 in Fire Magic
 48533 | Snake:4  | Reached skill level 10 in Air Magic
 48533 | Snake:4  | Reached skill level 10 in Earth Magic
 48533 | Snake:4  | Reached skill level 10 in Poison Magic
 48795 | Snake:4  | Found a frozen archway.
 48799 | IceCv    | Entered an ice cave
 49501 | IceCv    | Noticed a golden dragon
 49526 | IceCv    | Killed a golden dragon
 49884 | IceCv    | Identified the amulet of the Pariah {*Slow rN+ Regen+
                  | Int+4}
 49888 | IceCv    | Identified the ring "Waweigiu" {rPois rF+ Dex+4}
 50168 | Snake:4  | Reached skill level 13 in Invocations
 50266 | Snake:4  | Noticed Mara
 50283 | Snake:4  | Noticed MacCMillion's illusion
 50305 | Snake:4  | Noticed a quicksilver dragon
 50305 | Snake:4  | Noticed a quicksilver dragon
 50305 | Snake:4  | Noticed Louise
 50305 | Snake:4  | Killed from afar by a quicksilver dragon

Illustrated notes

Levels and vault maps discovered:
D:1:      lemuel_arrival_river_ford, layout_basic
D:2:      layout_basic, uniq_robin, uniq_sigmund
D:3:      layout_basic, grunt_ashenzari_visionary
          [grunt_ashenzari_visionary_swamp, grunt_ashenzari_visionary_snake],
          shapermc_ecumenical_altar_mp_urbaneastern
D:4:      layout_rooms, nicolae_overflow_crystal_walls,
          minmay_temple_entry_poolview
D:5:      layout_gridville, nicolae_kikubaaqudgha_miasma_corner
D:6:      layout_gridville, serial_co_window_serial, co_window_of_opportunity_a,
          co_window_corner_a, co_window_paths_b, co_window_paths_b,
          co_window_paths_a, co_window_of_opportunity_a, co_window_broadway_b,
          co_window_corner_b, co_window_2corner, co_window_broadway_c,
          co_window_corner_ca, glass_columns_a, glass_columns_b,
          glass_columns_a, glass_columns_a, glass_columns_c, dk_vineyard_1,
          minivault_14, uniq_prince_ribbit1, uniq_blork_the_orc, uniq_menkaure,
          uniq_eustachio
D:7:      layout_cave_pools, mainiacjoe_overflow_24_doors,
          roderic_serpentine_path
D:8:      layout_basic, st_stairs_5, hangedman_decor_lopped, fountainhead,
          uniq_joseph
D:9:      minmay_the_grid_four_pointed_star_mashed
          [minmay_the_grid_triangle_9x9_corruption,
          minmay_the_grid_triangle_9x9_tough_junction,
          minmay_the_grid_triangle_9x9_checkered,
          minmay_the_grid_triangle_9x9_warning,
          minmay_the_grid_prize_shrinking_boxes], layout_stronghold,
          david_lair_generic, minmay_protected_statue
D:10:     gammafunk_indiana_jones, layout_loops_corners, uniq_sonja
D:11:     layout_basic, kennysheep_orc_monster_closet_entryway,
          kb_lookout_dungeons_type, worms_lemuel
D:12:     argonaut_augean_stables, layout_cave_pools, uniq_erolcha
D:13:     layout_gridville, evilmike_butchery
D:14:     layout_loops_corners, grunt_vaults_entry_tiered, serial_park_tiny_2,
          tso_altar
D:15:     grunt_enter_depths_giant_problem, layout_basic,
          ebering_ghost_funeral_grove, hangedman_decor_growths,
          trog_butcher_becter, uniq_nessos
Temple:   hc_temple_tempest_star
Lair:1:   minmay_guarded_unrand_snakebite, layout_misc_corridors,
          grunt_megastairs_4
Lair:2:   layout_long_grid, minmay_swamp_entry_worms,
          minmay_snake_entry_six_corridors
Lair:3:   layout_long_grid, uniq_gastronok
Lair:4:   layout_small_grid, serial_rivers, chequers_serial_rivers_micro_b,
          chequers_serial_rivers_room_b, chequers_serial_rivers_room_b,
          chequers_serial_rivers_micro_e, chequers_serial_rivers_room_a,
          minmay_hedge_maze, wad_woods_river_03, infiniplex_staircase_pool_2,
          uniq_nergalle
Lair:5:   layout_concentric_octagons
Lair:6:   grunt_lair_end_beastmaster, layout_small_grid, slime_altar_1,
          grunt_forest_small_clearing_treed
Swamp:1:  layout_basic_swamp, nicolae_swamp_tree_designs,
          infiniplex_staircase_pool
Swamp:2:  layout_basic_swamp, wheals_swamp_sinkhole, swamp_pool5,
          roderic_carrion_pond, uniq_jorgrun, uniq_frances, uniq_mlioglotl
Snake:1:  layout_layer_cave
Snake:2:  layout_misc_corridors, st_stairs_5
Snake:3:  layout_basic, nicolae_snake_coiling_death
Snake:4:  hellmonk_snake_rune_quicksilver_temple, layout_cave_town,
          portal_ice_cave_entry_pillars_three, minmay_shoptagon, uniq_aizul,
          uniq_nikola, uniq_mara, uniq_louise
Orc:1:    layout_caves, uniq_erica, uniq_fannar
Orc:2:    st_orc_mages, layout_diamond_mine, serial_shops,
          nicolae_shop_hallway_stairs, shop_statue, ebering_ghost_rock_garden

Skill      XL: |  1  2  3  4  5  6  7  8  9 10 11 12 13 14 15 16 17 |
---------------+----------------------------------------------------+-----
Spellcasting   | 5 6 7 8 9 10 11 12 | 12.9
Invocations    | 1 2 3 4 5 6 7 8 9 10 11 12 13 | 13.0
Fighting       | 1 2 3 4 5 6 7 8 9 10 11 12 | 12.0
Short Blades   | 1 2 3 4 5 6 7 8 9 10 11 12 | 12.0
Long Blades    | 1 2 3 4 5 6 7 8 9 10 11 12 | 12.0
Axes           | 1 2 3 4 5 6 7 8 9 10 11 12 | 12.0
Maces & Flails | 1 2 3 4 5 6 7 8 9 10 11 12 | 12.0
Polearms       | 1 2 3 4 5 6 7 8 9 10 11 12 | 12.0
Staves         | 1 2 3 4 5 6 7 8 9 10 11 12 | 12.0
Slings         | 1 2 3 4 5 6 7 8 9 10 11 12 | 12.0
Bows           | 1 2 3 4 5 6 7 8 9 10 11 12 | 12.0
Crossbows      | 1 2 3 4 5 6 7 8 9 10 11 12 | 12.0
Throwing       | 1 2 3 4 5 6 7 8 9 10 11 12 | 12.0
Armour         | 1 2 3 4 5 6 7 8 9 10 11 12 | 12.0
Shields        | 1 2 3 4 5 6 7 8 9 10 11 12 | 12.0
Unarmed Combat | 1 2 3 4 5 6 7 8 9 10 11 12 | 12.0
Evocations     | 1 2 3 4 5 6 7 8 9 10 11 12 | 12.0
Conjurations   | 1 2 3 4 5 6 7 8 9 10 | 10.1
Hexes          | 1 2 3 4 5 6 7 8 9 10 | 10.1
Summonings     | 1 2 3 4 5 6 7 8 9 10 | 10.1
Necromancy     | 1 2 3 4 5 6 7 8 9 10 | 10.1
Translocations | 1 2 3 4 5 6 7 8 9 10 | 10.1
Transmutations | 1 2 3 4 5 6 7 8 9 10 | 10.1
Fire Magic     | 1 2 3 4 5 6 7 8 9 10 | 10.1
Air Magic      | 1 2 3 4 5 6 7 8 9 10 | 10.1
Earth Magic    | 1 2 3 4 5 6 7 8 9 10 | 10.1
Poison Magic   | 1 2 3 4 5 6 7 8 9 10 | 10.1
Dodging        | 5 6 7 8 9 10 11 12 | 12.8
Stealth        | 5 6 7 8 9 10 11 12 | 12.7
Ice Magic      | 8 9 10 11 12 | 12.3

Action                   |  1- 3 |  4- 6 |  7- 9 | 10-12 | 13-15 | 16-18 || total
-------------------------+-------+-------+-------+-------+-------+-------++-------
Melee: Dagger            |    14 |   135 |    39 |       |       |       ||   188
       Bite              |     1 |    15 |    18 |    37 |   101 |    54 ||   226
       Punch             |       |     3 |     5 |     5 |       |       ||    13
       Whip              |       |       |   101 |   161 |   407 |    33 ||   702
       Scimitar          |       |       |       |    44 |   116 |       ||   160
       Demon whip        |       |       |       |       |       |   310 ||   310
Throw: Boomerang         |       |     2 |    10 |     6 |     8 |       ||    26
       Dart              |       |       |       |     1 |    13 |       ||    14
       Javelin           |       |       |       |       |     3 |       ||     3
       Throwing net      |       |       |       |       |       |     1 ||     1
 Cast: Freeze            |    33 |    24 |     9 |    46 |    44 |       ||   156
       Frozen Ramparts   |     3 |     6 |    30 |    55 |   126 |    43 ||   263
       Ozocubu's Armour  |       |     9 |    26 |    29 |    81 |    19 ||   164
       Hailstorm         |       |       |       |    15 |    87 |       ||   102
       Call Canine Famil |       |       |       |       |    83 |    93 ||   176
       Summon Mana Viper |       |       |       |       |    68 |    82 ||   150
       Summon Cactus Gia |       |       |       |       |    23 |   119 ||   142
Invok: Bend Time         |       |       |       |     2 |       |     2 ||     4
       Step From Time    |       |       |       |       |     1 |     2 ||     3
       Slouch            |       |       |       |       |     1 |     3 ||     4
       Temporal Distorti |       |       |       |       |     1 |     1 ||     2
Evoke: Wand              |       |       |       |       |       |     7 ||     7
       Box of beasts     |       |       |       |       |       |     2 ||     2
       Phantom mirror    |       |       |       |       |       |     1 ||     1
  Use: Potion            |       |     1 |     1 |     4 |     4 |     4 ||    14
       Scroll            |       |       |       |     2 |    16 |    15 ||    33
 Stab: Sleeping          |     6 |    12 |     6 |     1 |     4 |     3 ||    32
       Distracted        |       |       |       |       |    11 |     4 ||    15
Armor: Robe              |     5 |    15 |       |       |       |       ||    20
       Leather armour    |       |    29 |    55 |    65 |       |       ||   149
       Scale mail        |       |       |       |    36 |   132 |       ||   168
       Acid dragon scale |       |       |       |       |    63 |     9 ||    72
       Swamp dragon scal |       |       |       |       |       |    66 ||    66
       Ice dragon scales |       |       |       |       |       |    28 ||    28
Dodge: Dodged            |    19 |    86 |   113 |   188 |   535 |   335 ||  1276
Block: Other             |       |    22 |    30 |    30 |       |       ||    82
       Reflection        |       |     1 |     1 |       |     2 |       ||     4
       Buckler           |       |       |       |    77 |   401 |    90 ||   568
       Kite shield       |       |       |       |       |       |   195 ||   195
